 Seeded DCSS version 0.30-a0-241-g1121274140 (webtiles) character file.

Game seed: 5951470739221675227 (custom seed)

189 gzilladon the Chopper (level 5, 0/43 HPs)
             Began as a Gnoll Reaver on Oct 10, 2022.
             Slain by a gnoll
             ... wielding a +0 halberd
              (2 damage)
             ... on level 3 of the Dungeon.
             The game lasted 00:05:56 (1999 turns).

gzilladon the Chopper (Gnoll Reaver)                Turns: 1999, Time: 00:05:56

Health: 0/43       AC:  3    Str: 13    XL:     5   Next: 68%
Magic:  12/12      EV:  8    Int: 12    God:
Gold:   86         SH: 11    Dex: 11    Spells: 13/14 levels left

rFire   . . .      SeeInvis .    h - +4 spear
rCold   . . .      Faith    .    o - +0 tower shield
rNeg    . . .      Spirit   .    b - +0 leather armour
rPois   .          Reflect  .    (no helmet)
rElec   .          Harm     .    (no cloak)
rCorr   .          Rampage  .    (no gloves)
Will    .....                    (no boots)
Stlth   +.........               (no amulet)
HPRegen 0.27/turn                (no ring)
MPRegen 0.13/turn                (no ring)

@: no status effects
A: fangs 1, strong nose, distributed training
a: no special abilities


You were on level 3 of the Dungeon.
You visited 1 branch of the dungeon, and saw 3 of its levels.

You collected 86 gold pieces.

Inventory:

Hand Weapons
 a - a +0 hand axe
 h - a +4 spear (weapon)
Missiles
 d - 21 stones
Armour
 b - a +0 leather armour (worn)
 o - a +0 tower shield (worn)
Jewellery
 g - an amulet of faith
Scrolls
 i - a scroll of vulnerability {unknown}
 j - a scroll of identify {unknown}
 k - a scroll of enchant weapon {unknown}
 l - 2 scrolls of teleportation {unknown}
 m - a scroll of noise {unknown}
 n - a scroll of fog {unknown}
Potions
 c - a potion of haste {unknown}
 e - 2 potions of ambrosia {unknown}
 f - 2 potions of curing {unknown}


   Skills:
 + Level 4.8 Fighting
 + Level 1.6 Short Blades
 + Level 1.6 Long Blades
 + Level 6.7 Axes
 + Level 1.6 Maces & Flails
 + Level 1.6 Polearms
 + Level 1.6 Staves
 + Level 1.6 Ranged Weapons
 + Level 1.6 Throwing
 + Level 1.6 Armour
 + Level 4.8 Dodging
 + Level 1.6 Stealth
 + Level 1.6 Shields
 + Level 1.6 Unarmed Combat
 + Level 5.2 Spellcasting
 + Level 5.6 Conjurations
 + Level 1.3 Hexes
 + Level 1.3 Summonings
 + Level 1.3 Necromancy
 + Level 1.3 Translocations
 + Level 1.3 Transmutations
 + Level 1.3 Fire Magic
 + Level 1.3 Ice Magic
 + Level 1.3 Air Magic
 + Level 1.3 Earth Magic
 + Level 1.3 Poison Magic
 + Level 1.9 Invocations
 + Level 1.6 Evocations


You had 13 spell levels left.
You knew the following spells:

 Your Spells              Type           Power      Damage    Failure   Level
a - Kiss of Death         Conj/Necr      44%        2d8       67%         1

Your spell library contained the following spells:

 Spells                   Type           Power      Damage    Failure   Level
 Momentum Strike          Conj/Tloc      22%        3d8       80%         2
 Hailstorm                Conj/Ice       11%        3d5       95%         3
 Gell's Gravitas          Tloc           6%         N/A       100%        3
 Lesser Beckoning         Tloc           12%        N/A       100%        3
 Teleport Other           Tloc           6%         N/A       100%        3


Dungeon Overview and Level Annotations

Branches:
Dungeon (3/15)

Altars:

Annotations:
D:3 1 runed translucent door, NinjaNoafa's ghost, amateur GnWn


Innate Abilities, Weirdness & Mutations

You have very sharp teeth.
Your uncanny sense of smell can sniff out nearby items.
Your experience applies equally to all skills.


Message History

The adder attacks as you move away! The adder completely misses you.
You block the gnoll's attack.
You barely miss the adder. The adder bites you.
The gnoll hits you from afar with a +0 spear.
The adder bites you.
You hit the adder.
The adder is heavily wounded.
The adder bites you. The adder barely misses you.
The gnoll hits you from afar with a +0 spear.
You completely miss the adder.
The adder is heavily wounded.
The adder barely misses you.
The gnoll hits you from afar with a +0 spear!
The adder bites you but does no damage.
You hit the adder.
You kill the adder!
The gnoll hits you from afar with a +0 spear.
You block the gnoll's attack.
You completely miss the gnoll.
The gnoll hits you from afar with a +0 spear.
The gnoll hits you with a +0 whip.
You hit the gnoll.
The gnoll is moderately wounded.
The gnoll barely misses you. You block the gnoll's attack.
The gnoll hits you with a +0 whip. The gnoll closely misses you.
The gnoll hits you from afar with a +0 spear.
* * * LOW HITPOINT WARNING * * *
The gnoll hits you from afar with a +0 halberd!
* * * LOW HITPOINT WARNING * * *
You puncture the gnoll!
You kill the gnoll!
The gnoll hits you from afar with a +0 halberd.
* * * LOW HITPOINT WARNING * * *
The gnoll closely misses you.
Unknown command.
You puncture the gnoll!
The gnoll is severely wounded.
You block the gnoll's attack.
The gnoll hits you from afar with a +0 halberd.
You die...

######
#....#
##....#
####.....#
..gg..g.g#
#g# #@#
#.# ###
#.# #P8P
#.# #.[W
#.# ##+#
#.#
#...##.#
#......#
##.....#


You could see 3 gnolls.

Vanquished Creatures
  Natasha (thrice) (D:2)
  A gnoll (D:3)
  4 adders
  2 worms (D:2)
  A dart slug (D:2)
  5 ball pythons
  4 endoplasms
  A giant cockroach (D:1)
  7 goblins
  7 hobgoblins
  8 jackals
  5 kobolds
  3 quokkas
  5 bats
  2 frilled lizards
  2 rats (D:1)
60 creatures vanquished.

Vanquished Creatures (others)
  5 plants (D:1)
5 creatures vanquished.

Grand Total: 65 creatures vanquished

Notes
Turn   | Place    | Note
-------+----------+-------------------------------------------
     0 | D:1      | gzilladon the Gnoll Reaver began the quest for the Orb.
     0 | D:1      | Reached XP level 1. HP: 20/20 MP: 6/6
   110 | D:1      | Reached XP level 2. HP: 17/26 MP: 7/7
   589 | D:1      | Reached skill level 5 in Spellcasting
   589 | D:1      | Reached XP level 3. HP: 30/31 MP: 7/9
   688 | D:2      | Reached skill level 1 in Invocations
   868 | D:2      | Reached skill level 1 in Short Blades
   868 | D:2      | Reached skill level 1 in Long Blades
   868 | D:2      | Reached skill level 1 in Maces & Flails
   868 | D:2      | Reached skill level 1 in Polearms
   868 | D:2      | Reached skill level 1 in Staves
   868 | D:2      | Reached skill level 1 in Ranged Weapons
   868 | D:2      | Reached skill level 1 in Throwing
   868 | D:2      | Reached skill level 1 in Armour
   868 | D:2      | Reached skill level 1 in Stealth
   868 | D:2      | Reached skill level 1 in Shields
   868 | D:2      | Reached skill level 1 in Unarmed Combat
   868 | D:2      | Reached skill level 1 in Evocations
  1029 | D:2      | Reached XP level 4. HP: 22/38 MP: 11/11
  1127 | D:2      | Noticed Natasha
  1139 | D:2      | Killed Natasha
  1140 | D:2      | Reached skill level 1 in Hexes
  1140 | D:2      | Reached skill level 1 in Summonings
  1140 | D:2      | Reached skill level 1 in Necromancy
  1140 | D:2      | Reached skill level 1 in Translocations
  1140 | D:2      | Reached skill level 1 in Transmutations
  1140 | D:2      | Reached skill level 1 in Fire Magic
  1140 | D:2      | Reached skill level 1 in Ice Magic
  1140 | D:2      | Reached skill level 1 in Air Magic
  1140 | D:2      | Reached skill level 1 in Earth Magic
  1140 | D:2      | Reached skill level 1 in Poison Magic
  1257 | D:2      | Noticed Natasha
  1269 | D:2      | Killed Natasha
  1270 | D:2      | Reached XP level 5. HP: 11/43 MP: 12/12
  1358 | D:2      | Noticed Natasha
  1407 | D:2      | Found a faded altar of an unknown god.
  1434 | D:2      | Killed Natasha
  1973 | D:3      | Found a runed translucent door.
  1974 | D:3      | Noticed NinjaNoafa's ghost (amateur GnWn)
  1998 | D:3      | HP: 2/43 [gnoll/+0 halberd (4)]
  1999 | D:3      | Slain by a gnoll

Illustrated notes

Levels and vault maps discovered:
D:1:      heliophobic_arrival_enchanted_forest, layout_rooms,
          serial_bayou_pond_c, st_stairs_10
D:2:      layout_rooms, ebering_ecumenical_altar_box, serial_corexii_hall,
          corexii_hall_statues_i, chequers_hall_statues_corner_a, uniq_natasha
D:3:      layout_rooms, gammafunk_ghost_grave

Skill      XL: |  1  2  3  4 |
---------------+-------------+-----
Spellcasting   | 5 |  5.2
Invocations    | 1 |  1.9
Short Blades   | 1 |  1.6
Long Blades    | 1 |  1.6
Maces & Flails | 1 |  1.6
Polearms       | 1 |  1.6
Staves         | 1 |  1.6
Ranged Weapons | 1 |  1.6
Throwing       | 1 |  1.6
Armour         | 1 |  1.6
Stealth        | 1 |  1.6
Shields        | 1 |  1.6
Unarmed Combat | 1 |  1.6
Evocations     | 1 |  1.6
Hexes          | 1 |  1.3
Summonings     | 1 |  1.3
Necromancy     | 1 |  1.3
Translocations | 1 |  1.3
Transmutations | 1 |  1.3
Fire Magic     | 1 |  1.3
Ice Magic      | 1 |  1.3
Air Magic      | 1 |  1.3
Earth Magic    | 1 |  1.3
Poison Magic   | 1 |  1.3
Fighting       | |  4.8
Axes           | |  6.7
Dodging        | |  4.8
Conjurations   | |  5.6

Action                   |  1- 3 |  4- 6 || total
-------------------------+-------+-------++-------
Melee: Hand axe          |    25 |       ||    25
       Bite              |    12 |    10 ||    22
       Spear             |    83 |    86 ||   169
       Punch             |     2 |     2 ||     4
 Stab: Sleeping          |     1 |       ||     1
Armor: Leather armour    |    18 |    20 ||    38
Dodge: Dodged            |    73 |    53 ||   126
Block: Tower shield      |       |    38 ||    38

Table legend: (Time is in decaauts)
 A = Elapsed time spent in this place.
 B = Non-inter-level travel time spent in this place.
 C = Inter-level travel time spent in this place.
 D = Time resting spent in this place.
 E = Time spent auto-exploring this place.
 F = Levels seen in this place.
 G = Mean time per level.
                   A        B        C        D        E       F      G
               +--------+--------+--------+--------+--------+-----+--------+
         Total |   2030 |   1767 |    263 |    642 |      0 |   3 |  676.7 |
       Dungeon |   2030 |   1767 |    263 |    642 |      0 |   3 |  676.7 |
               +--------+--------+--------+--------+--------+-----+--------+

Top non-repeatable levels by time:
     D:2: 1319 daAuts
     D:1: 670 daAuts
     D:3: 40 daAuts
